 Dungeon Crawl Stone Soup version 0.32-a0-306-gfed3edf829 (webtiles) character file.

Game seed: 17891351132128941843

30 spaghetti the Vexing (level 3, 4/27 HPs)
             Began as a Demonspawn Hexslinger on July 17, 2023.
             Quit the game on level 1 of the Dungeon on Feb 15, 2024.
             The game lasted 00:02:27 (622 turns).

spaghetti the Vexing (Demonspawn Hexslinger)         Turns: 622, Time: 00:02:28

Health: 4/27       AC:  3    Str:  8    XL:     3   Next: 3%
Magic:  4/4        EV: 12    Int: 14    God:
Gold:   70         SH:  0    Dex: 17    Spells: 3/4 levels left

rFire   . . .        a - +1 sling
rCold   . . .        (no shield)
rNeg    . . .        c - +0 robe
rPois   .            (no helmet)
rElec   .            k - +0 cloak
rCorr   .            (no gloves)
SInv    .            (no boots)
Will    .....        (no amulet)
Stlth   ++           (no ring)
HPRegen 0.24/turn    (no ring)
MPRegen 0.09/turn

%: no passive effects
@: no status effects
A: demonic magic 1
a: no special abilities


You were on level 1 of the Dungeon.
You visited 1 branch of the dungeon, and saw 2 of its levels.

You collected 70 gold pieces.


Innate Abilities, Weirdness & Mutations

Spells you cast may paralyse adjacent enemies.


   Skills:
 + Level 2.2 Fighting
 + Level 2.5 Ranged Weapons
 - Level 1.7 Dodging
 - Level 1.0 Spellcasting
 - Level 3.0 Hexes


You had 3 spell levels left.
You knew the following spells:

 Your Spells              Type           Power      Damage    Failure   Level
a - Slow                  Hex            36%        N/A       8%          1

Your spell library contained the following spells:

 Spells                   Type           Power      Damage    Failure   Level
 Inner Flame              Hex/Fire       4%         N/A       38%         3
 Portal Projectile        Hex/Tloc       8%         N/A       38%         3
 Cause Fear               Hex            4%         N/A       58%         4

Inventory:

Hand Weapons
 a - a +1 sling (weapon)
 j - a +0 rapier {short}
   (You found it on level 1 of the Dungeon)
Missiles
 f - 4 stones {throwing}
 g - 2 datura-tipped darts {throwing}
Armour
 c - a +0 robe (worn)
 k - a +0 cloak (worn)
   (You found it on level 1 of the Dungeon)
Scrolls
 b - a scroll of poison {!r}
 e - a scroll of noise {unknown}
 h - a scroll of fog {unknown}
 m - 2 scrolls of teleportation {unknown}
Potions
 d - 2 potions of berserk rage {unknown}
 i - a potion of curing {unknown}
 l - a potion of haste {unknown}

Dungeon Overview and Level Annotations

Branches:
Dungeon (2/15) Zot: 11359

Altars:

Annotations:
D:2 Robin

##.. ##... #.... #.... #....
#.... #.... ####### ######...
######## #.g@g.# #........
#......# ##.###.# ##.###....
#......# #..# #.# ##..# #....
#......######.####.####..####....
#......#...##.##........####.....
#..........##..........## #..#...
#.......................###.###..
#..........###..........#...# ###
...........###............###


You could see 2 goblins.


Message History

You feel agile. x2 😎 HP[+5] MP[+1]
You now have 27 max hp (+5).
Your hp is fully restored (27).
Your mp is fully restored (4).
m - 2 scrolls labelled XIBLEI JAAMUTS You see here a bat skeleton.
Key pressed, stopping explore.
A ball python comes into view.
A ball python is nearby!
Fire: a) +1 sling
Press: ? - help, Q - select action, (/) - cycle Shift-Dir - straight line, f - ball python
Aim: a ball python (asleep, 98% to hit)
You shoot a sling bullet. The sling bullet hits the ball python!
You kill the ball python!
Fire: a) +1 sling
Press: ? - help, Q - select action, (/) - cycle Shift-Dir - straight line, f - you That would be overly suicidal.
Okay, then.
Fire: a) +1 sling
Press: ? - help, Q - select action, (/) - cycle Shift-Dir - straight line, f - you That would be overly suicidal.
Okay, then.
You now have 62 gold pieces (gained 13).
Found a stone staircase leading down.
There is a stone staircase leading down here.
You now have 70 gold pieces (gained 8).
You see here a dart slug corpse.
Done exploring.
Done exploring.
Done exploring.
(D) Dungeon
Where to? (? - help)
There is a stone staircase leading down here.
You climb downwards.
The goblin shouts! x4; The hobgoblin shouts!
The goblin shouts!
The hobgoblin shouts!
The goblin shouts! x3
There is a stone staircase leading up here.
There are monsters nearby!
Unknown command.
There are monsters nearby!
There are monsters nearby!
The hobgoblin shouts!
The goblin unwields a +0 dagger.
The goblin wields a +0 sling.
The goblin shoots a sling bullet.
The sling bullet hits you.
The hobgoblin hits you but does no damage.
The goblin barely misses you.
Robin roars a battlecry!
The goblins go into a battle-frenzy!
You climb upwards.
There is a stone staircase leading down here. 😕 HP[-3]
You take 3 damage, and now have 24/27 hp.
Unknown command.
Unknown command.
Unknown command.
Fire: a) +1 sling
Press: ? - help, Q - select action, (/) - cycle Shift-Dir - straight line, f - goblin
Aim: a goblin, wielding a +0 club (strong, 53% to hit)
You shoot a sling bullet.
The sling bullet barely misses the goblin.
The goblin hits you with a +0 club.
The goblin hits you with a +0 dagger. 😮 HP[-6]
You take 6 damage, and now have 18/27 hp.
MASSIVE DAMAGE!! (PAUSE) Fire: a) +1 sling
Press: ? - help, Q - select action, (/) - cycle Shift-Dir - straight line, f/p - goblin
Aim: a goblin, wielding a +0 club (strong, 53% to hit)
You shoot a sling bullet.
The sling bullet barely misses the goblin.
The goblin hits you with a +0 club.
* * * LOW HITPOINT WARNING * * *
The goblin hits you with a +0 dagger.
* * * LOW HITPOINT WARNING * * *
😨 HP[-8]
You take 8 damage, and now have 10/27 hp.
MASSIVE DAMAGE!! (PAUSE) Fire: a) +1 sling
Press: ? - help, Q - select action, (/) - cycle Shift-Dir - straight line, f/p - goblin
Aim: a goblin, wielding a +0 club (strong, 53% to hit)
You shoot a sling bullet. The sling bullet hits the goblin.
The goblin hits you with a +0 club.
* * * LOW HITPOINT WARNING * * *
The goblin hits you with a +0 dagger.
* * * LOW HITPOINT WARNING * * *
😱 HP[-6]
You take 6 damage, and now have 4/27 hp.
MASSIVE DAMAGE!! (PAUSE) 🤖 Initializing magus.rc ...
Options error: Delay interrupt name "hungry" not recognised. (spaghetti.rc:4761) Bad monster_list_colour key: strict_neutral Bad channel name 'pray' for runrest: 'pray:' Options error: Missing colour in message_colour setting: 'that.*feels deathly cold' Options error: Missing colour in message_colour setting: 'and you must be Full or above to equip it' Options error: Missing colour in message_colour setting: 'but rights himself reflexively soon after' Options error: Missing colour in message_colour setting: 'before it is too late' ✅ Successfully initialized magus.rc [v1.9.6] Welcome back, spaghetti the Demonspawn Hexslinger.
Press ? for a list of commands and other information.
Unknown command.
Are you sure you want to abandon this character and quit the game? (Confirm with "yes".)

Skill      XL: |  1  2 |
---------------+-------+-----
Ranged Weapons | 2 |  2.5
Fighting       | 2 |  2.2
Dodging        | |  1.7
Spellcasting   | |  1.0
Hexes          | |  3.0

Action                     || total
---------------------------++-------
   Fire: Sling             ||    65
   Cast: Slow              ||     2
 Armour: Robe              ||     5
  Dodge: Dodged            ||    14

Levels and vault maps discovered:
D:1:      psy_arrival_fountain, layout_rooms, nicolae_the_louvre
D:2:      layout_rooms, basic_ecumenical_altar, minmay_cut_off, uniq_robin,
          uniq_terence, uniq_natasha

Notes
Turn   | Place    | Note
-------+----------+-------------------------------------------
     0 | D:1      | spaghetti the Demonspawn Hexslinger began the quest for the
                  | Orb.
     0 | D:1      | Reached XP level 1. HP: 15/15 MP: 2/2
     0 | D:1      | magus.rc [v1.9.6]
    37 | D:1      | Reached skill level 2 in Ranged Weapons
   142 | D:1      | Gained mutation: Spells you cast may paralyse adjacent
                  | enemies. [demonic ancestry]
   142 | D:1      | Reached XP level 2. HP: 21/21 MP: 3/3
   312 | D:1      | Reached skill level 2 in Fighting
   389 | D:1      | Reached XP level 3. HP: 27/27 MP: 4/4
   616 | D:2      | Noticed Robin
   621 | D:1      | HP: 4/27 [goblin/+0 dagger[Robin] (5)]
   622 | D:1      | Upgraded the game from 0.31-a0-321-g19405a7a6a to
                  | 0.32-a0-306-gfed3edf829
   622 | D:1      | magus.rc [v1.9.6]
   622 | D:1      | Quit the game

Vanquished Creatures
  A dart slug (D:1)
  4 ball pythons (D:1)
  2 endoplasms (D:1)
  3 goblins (D:1)
  4 hobgoblins (D:1)
  3 kobolds (D:1)
  A quokka (D:1)
  4 bats (D:1)
22 creatures vanquished.

Table legend:
 A = Non-vault XP
 B = Vault XP
 C = Vault XP percentage of total XP
 D = Non-vault monster count
 E = Vault monster count
 F = Vault count percentage of total count
                 A         B        C        D         E       F
            +---------+---------+-------+---------+---------+-------
      Total |      43 |       0 |   0.0 |      22 |       0 |   0.0
            +---------+---------+-------+---------+---------+-------
        D:1 |      43 |       0 |   0.0 |      22 |       0 |   0.0
            +---------+---------+-------+---------+---------+-------

Skill      XL: |  1  2 |
---------------+-------+-----
Ranged Weapons | 2 |  2.5
Fighting       | 2 |  2.2
Dodging        | |  1.7
Spellcasting   | |  1.0
Hexes          | |  3.0

Action                     || total
---------------------------++-------
   Fire: Sling             ||    65
   Cast: Slow              ||     2
 Armour: Robe              ||     5
  Dodge: Dodged            ||    14

Illustrated notes

Table legend:
 A = Kills in this place as a percentage of kills in the entire game.
 B = Kills by you in this place as a percentage of kills by you in the entire game.
 C = Kills by friends in this place as a percentage of kills by friends in the entire game.
 D = Other kills in this place as a percentage of other kills in the entire game.
 E = Experience gained in this place as a percentage of experience gained in the entire game.
 F = Experience gained in this place divided by the number of levels of this place that you have seen.
                   A       B       C       D       E      F
               +-------+-------+-------+-------+-------+----------------------
         Total | 100.0 | 100.0 |   N/A |   N/A | 100.0 |  21.5
       Dungeon | 100.0 | 100.0 |   N/A |   N/A | 100.0 |  21.5
               +-------+-------+-------+-------+-------+----------------------

Table legend: (Time is in decaauts)
 A = Elapsed time spent in this place.
 B = Non-inter-level travel time spent in this place.
 C = Inter-level travel time spent in this place.
 D = Time resting spent in this place.
 E = Time spent auto-exploring this place.
 F = Levels seen in this place.
 G = Mean time per level.
                   A        B        C        D        E       F      G
               +--------+--------+--------+--------+--------+-----+--------+
         Total |    640 |    617 |     23 |      8 |    457 |   2 |  320.0 |
       Dungeon |    640 |    617 |     23 |      8 |    457 |   2 |  320.0 |
               +--------+--------+--------+--------+--------+-----+--------+

Top non-repeatable levels by time:
     D:1: 639 daAuts
     D:2: 1 daAuts
